Workbook
Name AbaDeprec: '5. Depreciação'!$A$1
Name AbaRemun: '6.Remuneração de capital'!$A$1

Sheet 1.Coleta de Dejetos
A2: 1. Coleta de Dejetos de Fossas Sépticas
A3: Planilha de Composição de Custos
A5: Orçamento Sintético
A6: Descrição do Item | E6: Custo (R$/mês) | F6: %
A7: =A40 -> 1. Mão-de-obra | E7: =+F87 -> 517.25799 | F7: =IFERROR(E7/$E$25,0) -> 0.2174091
A8: =A42 -> 1.1. Auxiliar | E8: =F52 -> 122.06817 | F8: =IFERROR(E8/$E$25,0) -> 0.051306567
A9: =A54 -> 1.3. Motorista | E9: =F64 -> 169.48273 | F9: =IFERROR(E9/$E$25,0) -> 0.071235413
A10: =A67 -> 1.5. Vale Transporte | E10: =F73 -> 64.832092 | F10: =IFERROR(E10/$E$25,0) -> 0.027249626
A11: =A75 -> 1.6. Vale-refeição (diário) | E11: =F79 -> 152 | F11: =IFERROR(E11/$E$25,0) -> 0.063887235
A12: =A81 -> 1.7. Auxílio Alimentação (mensal) | E12: =F85 -> 8.875 | F12: =IFERROR(E12/$E$25,0) -> 0.003730258
A13: =A89 -> 2. Uniformes e Equipamentos de Proteção Individual | E13: =+F103 -> 19.910167 | F13: =IFERROR(E13/$E$25,0) -> 0.0083684572
A14: =A105 -> 3. Veículos e Equipamentos | E14: =+F182 -> 555.01364 | F14: =IFERROR(E14/$E$25,0) -> 0.2332782
A15: =A107 -> 3.1. Veículo com tanque de 10 m³ | E15: =SUM(E16:E21) -> 555.01364 | F15: =IFERROR(E15/$E$25,0) -> 0.2332782
A16: =A109 -> 3.1.1. Depreciação | E16: =F123 -> 38.619759 | F16: =IFERROR(E16/$E$25,0) -> 0.0162323
A17: =A125 -> 3.1.2. Remuneração do Capital | E17: =F139 -> 29.985111 | F17: =IFERROR(E17/$E$25,0) -> 0.012603065
A18: =A141 -> 3.1.3. Impostos e Seguros | E18: =F147 -> 14.992417 | F18: =IFERROR(E18/$E$25,0) -> 0.006301474
A19: =A149 -> 3.1.4. Consumos (para transporte para coleta de resíduos e destinação final) | E19: =F165 -> 216.33955 | F19: =IFERROR(E19/$E$25,0) -> 0.090929841
A20: =A167 -> 3.1.5. Manutenção | E20: =F170 -> 195.36 | F20: =IFERROR(E20/$E$25,0) -> 0.08211191
A21: =A172 -> 3.1.6. Pneus | E21: =F179 -> 59.7168 | F21: =IFERROR(E21/$E$25,0) -> 0.025099613
A22: =A184 -> 4. Ferramentas | E22: =+F198 -> 2.4150417 | F22: =IFERROR(E22/$E$25,0) -> 0.001015068
A23: =A202 -> 5. Custos de destinação final | E23: =+F206 -> 1000 | F23: =IFERROR(E23/$E$25,0) -> 0.42031076
A24: =A210 -> 6. Benefícios e Despesas Indiretas - BDI | E24: =+F216 -> 284.59518 | F24: =IFERROR(E24/$E$25,0) -> 0.11961842
A25: PREÇO TOTAL MENSAL COM A COLETA | E25: =E7+E13+E14+E22+E23+E24 -> 2379.192 | F25: =F7+F13+F14+F22+F23+F24 -> 1
A28: Quantitativos
A29: Mão-de-obra | E29: Quantidade
A30: =+A42 -> 1.1. Auxiliar | E30: 1
A31: =+A54 -> 1.3. Motorista | E31: =C63 -> 1
A32: Total de mão-de-obra (postos de trabalho) | E32: =SUM(E30:E31) -> 2
A34: Veículos e Equipamentos | E34: Quantidade
A35: =+A107 -> 3.1. Veículo com tanque de 10 m³ | E35: =C122 -> 1
A38: Fator de utilização (FU) | B38: 0.05
A40: 1. Mão-de-obra
A42: 1.1. Auxiliar
A43: Discriminação | B43: Unidade | C43: Quantidade | D43: Custo unitário | E43: Subtotal | F43: Total (R$)
A44: Piso da categoria (2) | B44: mês | C44: 1 | D44: 1181.58 | E44: =C44*D44 -> 1181.58
A45: Salário mínimo nacional (1) | D45: 1039
A46: Base de cálculo da Insalubridade | C46: 1
A47: Adicional de Insalubridade | B47: % | C47: 30 | D47: =IF(C46=2,SUM(E44:E45),IF(C46=1,(SUM(E44:E45))*D45/D44,0)) -> 1039 | E47: =C47*D47/100 -> 311.7
A48: Soma | E48: =SUM(E44:E47) -> 1493.28
A49: Encargos Sociais | B49: % | C49: ='2.Encargos Sociais'!$C$27*100 -> 63.49 | D49: =E48 -> 1493.28 | E49: =D49*C49/100 -> 948.08347
A50: Total por Coletor | E50: =E48+E49 -> 2441.3635
A51: Total do Efetivo | B51: homem | C51: 1 | D51: =E50 -> 2441.3635 | E51: =C51*D51 -> 2441.3635
D52: Fator de utilização | E52: =$B$38 -> 0.05 | F52: =E51*E52 -> 122.06817
A54: 1.3. Motorista
A55: Discriminação | B55: Unidade | C55: Quantidade | D55: Custo unitário | E55: Subtotal | F55: Total (R$)
A56: Piso da categoria (2) | B56: mês | C56: 1 | D56: 1761.61 | E56: =C56*D56 -> 1761.61
A57: Salário mínimo nacional (1) | B57: mês | C57: 1 | D57: 1039
A58: Base de cálculo da Insalubridade | C58: 1
A59: Adicional de Insalubridade | B59: % | C59: 30 | D59: =IF(C58=2,SUM(E56:E57),IF(C58=1,(SUM(E56:E57))*D57/D56,0)) -> 1039 | E59: =C59*D59/100 -> 311.7
A60: Soma | E60: =SUM(E56:E59) -> 2073.31
A61: Encargos Sociais | B61: % | C61: ='2.Encargos Sociais'!$C$27*100 -> 63.49 | D61: =E60 -> 2073.31 | E61: =D61*C61/100 -> 1316.3445
A62: Total por Motorista | E62: =E60+E61 -> 3389.6545
A63: Total do Efetivo | B63: homem | C63: 1 | D63: =E62 -> 3389.6545 | E63: =C63*D63 -> 3389.6545
D64: Fator de utilização | E64: =$B$38 -> 0.05 | F64: =E63*E64 -> 169.48273
A67: 1.5. Vale Transporte
A68: Discriminação | B68: Unidade | C68: Quantidade | D68: Custo unitário | E68: Subtotal | F68: Total (R$)
A69: Vale Transporte | B69: R$ | C69: 1 | D69: 5.75
A70: Dias Trabalhados por mês | B70: dia | C70: 4
A71: Auxiliar | B71: vale | C71: =$C$70*2*(C51) -> 8 | D71: =IFERROR((($C$70*2*$D$69)-(E44*0.06*C70/26))/($C$70*2),"-") -> 4.3866385 | E71: =IFERROR(C71*D71,"-") -> 35.093108
A72: Motorista | B72: vale | C72: =$C$70*2*(C63) -> 8 | D72: =IFERROR((($C$70*2*$D$69)-(E56*0.06*C70/26))/($C$70*2),"-") -> 3.7173731 | E72: =IFERROR(C72*D72,"-") -> 29.738985
F73: =SUM(E71:E72) -> 64.832092
A75: 1.6. Vale-refeição (diário)
A76: Discriminação | B76: Unidade | C76: Quantidade | D76: Custo unitário | E76: Subtotal | F76: Total (R$)
A77: Auxiliar | B77: unidade | C77: =C51*C70 -> 4 | D77: 19 | E77: =C77*D77 -> 76
A78: =+A72 -> Motorista | B78: unidade | C78: =C63*C70 -> 4 | D78: 19 | E78: =C78*D78 -> 76
F79: =SUM(E77:E78) -> 152
A81: 1.7. Auxílio Alimentação (mensal)
A82: Discriminação | B82: Unidade | C82: Quantidade | D82: Custo unitário | E82: Subtotal | F82: Total (R$)
A83: =+A77 -> Auxiliar | B83: unidade | C83: =C51 -> 1 | D83: 88.75 | E83: =C83*D83 -> 88.75
A84: =+A78 -> Motorista | B84: unidade | C84: =C63 -> 1 | D84: 88.75 | E84: =C84*D84 -> 88.75
D85: Fator de utilização | E85: =$B$38 -> 0.05 | F85: =SUM(E83:E84)*E85 -> 8.875
A87: Custo Mensal com Mão-de-obra (R$/mês) | F87: =F85+F79+F73+F64+F52 -> 517.25799
A89: 2. Uniformes e Equipamentos de Proteção Individual
A91: 2.1. Uniformes e EPIs para Motorista e Auxiliar
A93: Discriminação | B93: Unidade | C93: Durabilidade (meses) | D93: Custo unitário | E93: Subtotal | F93: Total (R$)
A94: Calça | B94: unidade | C94: 2 | D94: 37.23 | E94: =IFERROR(D94/C94,0) -> 18.615
A95: Camiseta | B95: unidade | C95: 2 | D95: 32 | E95: =IFERROR(D95/C95,0) -> 16
A96: Botina de segurança c/ palmilha aço | B96: par | C96: 6 | D96: 66.95 | E96: =IFERROR(D96/C96,0) -> 11.158333
A97: Luva de proteção | B97: par | C97: 6 | D97: 21.3 | E97: =IFERROR(D97/C97,0) -> 3.55
A98: Óculos de proteção | B98: unidade | C98: 6 | D98: 10.67 | E98: =IFERROR(D98/C98,0) -> 1.7783333
A99: Higienização de uniformes e EPIs | B99: R$ mensal | C99: 1 | D99: 148 | E99: =C99*D99 -> 148
A100: Total do Efetivo | B100: homem | C100: =+C51+C63 -> 2 | D100: =+SUM(E94:E99) -> 199.10167 | E100: =C100*D100 -> 398.20333
D101: Fator de utilização | E101: =$B$38 -> 0.05 | F101: =E100*E101 -> 19.910167
A103: Custo Mensal com Uniformes e EPIs (R$/mês) | F103: =F101 -> 19.910167
A105: 3. Veículos e Equipamentos
A107: 3.1. Veículo com tanque de 10 m³
A109: 3.1.1. Depreciação
A110: Discriminação | B110: Unidade | C110: Quantidade | D110: Custo unitário | E110: Subtotal | F110: Total (R$)
A111: Custo de aquisição do chassis | B111: unidade | C111: 1 | D111: 127066 | E111: =C111*D111 -> 127066
A112: Vida útil do chassis | B112: anos | C112: 15
A113: Idade do veículo | B113: anos | C113: 7
A114: Depreciação do chassis | B114: % | C114: =IFERROR(VLOOKUP(C112,'5. Depreciação'!A3:B17,2,FALSE),0) -> 70.73 | D114: =E111 -> 127066 | E114: =C114*D114/100 -> 89873.782
A115: Depreciação mensal veículos coletores | B115: mês | C115: =C112*12 -> 180 | D115: =IF(C113<=C112,E114,0) -> 89873.782 | E115: =IFERROR(D115/C115,0) -> 499.29879
A116: Custo de aquisição de tanque de 10m³ | B116: unidade | C116: =C111 -> 1 | D116: 69500 | E116: =C116*D116 -> 69500
A117: Vida útil de tanque de 10m³ | B117: anos | C117: 15
A118: Idade de tanque de 10m³ | B118: anos | C118: 0
A119: Depreciação de tanque de 10m³ | B119: % | C119: =IFERROR(VLOOKUP(C117,'5. Depreciação'!A3:B17,2,FALSE),0) -> 70.73 | D119: =E116 -> 69500 | E119: =C119*D119/100 -> 49157.35
A120: Depreciação mensal de tanque de 10m³ | B120: mês | C120: =C117*12 -> 180 | D120: =IF(C118<=C117,E119,0) -> 49157.35 | E120: =IFERROR(D120/C120,0) -> 273.09639
A121: Total por veículo | E121: =E115+E120 -> 772.39518
A122: Total da frota | B122: unidade | C122: 1 | D122: =E121 -> 772.39518 | E122: =C122*D122 -> 772.39518
...

Sheet 2.Encargos Sociais
A1: Orientações para preenchimento:
A2: 1. Preencha previamente os dados de entrada na planilha 3.CAGED
A5: 2. Composição dos Encargos Sociais
A6: Código | B6: Descrição | C6: Valor
A7: A1 | B7: INSS | C7: 0.2
A8: A2 | B8: SESI | C8: 0.015
A9: A3 | B9: SENAI | C9: 0.01
A10: A4 | B10: INCRA | C10: 0.002
A11: A5 | B11: SEBRAE | C11: 0.006
A12: A6 | B12: Salário educação | C12: 0.025
A13: A7 | B13: Seguro contra acidentes de trabalho | C13: 0.03
A14: A8 | B14: FGTS | C14: 0.08
A15: A | B15: SOMA GRUPO A | C15: =SUM(C7:C14) -> 0.368
A17: B1 | B17: Férias gozadas | C17: 0.0833
A18: B2 | B18: 13º salário | C18: =ROUND('3.CAGED'!C30/'3.CAGED'!C27,4) -> 0.0833
A19: B3 | B19: Licença Paternidade | C19: 0.0006
A20: B4 | B20: Faltas justificadas | C20: 0.0082
A21: B5 | B21: Auxilio acidente de trabalho | C21: 0.0031
A22: B6 | B22: Auxilio doença | C22: 0.0166
A23: B | B23: SOMA GRUPO B | C23: =SUM(C17:C22) -> 0.1951
A25: D1 | B25: Reincidência de Grupo A sobre Grupo B | C25: =ROUND(C15*C23,4) -> 0.0718
A26: D | B26: SOMA GRUPO C | C26: =SUM(C25:C25) -> 0.0718
B27: SOMA (A+B+C) | C27: =C26+C23+C15 -> 0.6349

Sheet 3.CAGED
A1: CÁLCULO DAS VERBAS INDENIZATÓRIAS DOS EMPREGADOS NO SETOR DE LIMPEZA DE FOSSAS SÉPTICAS
A3: Para preencher esta planilha siga os passos 1 a 5:
A4: 1. Acesse o Portal do CAGED no link http://bi.mte.gov.br/cagedestabelecimento/pages/consulta.xhtml
A5: 2. Na Especificação da Consulta, selecione "Demonstrativo por período" e informe as competências relativas ao período Inicial e Final (últimos 12 meses)
A6: 3. Nível Geográfico: selecione "Unidade da Federação" e marque a opção "Rio Grande do Sul"
A7: 4. Nível Setorial: selecione "Classe de atividade econômica segundo a classificação CNAE – versão 2.0 (669 categorias)" e marque a opção "37029 – Atividades relacionadas a esgoto, exceto a gestão de redes"
A8: 5. Clique em Gerar Relatório
A9: 6. Preencha as células em amarelo
B11: 3. CAGED
B12: Rio Grande do Sul - Coleta de Resíduos Não-Perigosos - CNAE 38114
B13: Admissões | C13: 190
B14: Desligamentos | C14: 207
B15: Dispensados com justa causa | C15: 39
B16: Dispensados sem justa causa | C16: 106
B17: Espontâneos | C17: 32
B18: Fim de contrato por prazo determinado | C18: 2
B19: Término de contrato | C19: 27
B20: Aposentados | C20: 0
B21: Mortos | C21: 1
B22: Transferência de saída | C22: 0
B23: Acordo | C23: 0
B24: Indicadores
B25: Variação Emprego Absoluta de 01-03-2018 a 28-02-2019 | C25: =C13-C14 -> -17
B27: Dias ano | C27: 360
B28: 1/3 de férias (dias) | C28: 10
B29: Férias (dias) | C29: 30
B30: 13º Salário (dias) | C30: 30
B31: FGTS | C31: 0.08
B32: Multa FGTS | C32: 0.5

Sheet 4.BDI
A2: 4. Composição do BDI - Benefícios e Despesas Indiretas
D4: Referência estudo TCE
D5: 1° Quartil | E5: Médio | F5: 3° Quartil
A6: Administração Central | B6: AC | C6: 0.0508 | D6: 0.0297 | E6: 0.0508 | F6: 0.0627
A7: Seguros/Riscos/Garantias | B7: SRG | C7: 0.0133 | D7: =0.3%+0.56% -> 0.0086 | E7: =0.48%+0.85% -> 0.0133 | F7: =0.82%+0.89% -> 0.0171
A8: Lucro | B8: L | C8: 0.1085 | D8: 0.0778 | E8: 0.1085 | F8: 0.1355
A9: Despesas Financeiras | B9: DF | C9: =(1+E9)^(E10/252)-1 -> 0.0025021251 | D9: i | E9: 0.065
A10: Tributos - ISS | B10: T | C10: 0.025 | D10: DU | E10: 10
A11: Tributos - PIS/COFINS | C11: 0.0365
A12: Fórmula para o cálculo do BDI:
A13: {[(1+AC+SRG) x (1+L) x (1+DF)] / (1-T)} -1
A14: Resultado do cálculo do BDI: | C14: =ROUND((((1+C6+C7)*(1+C8)*(1+C9))/(1-(C10+C11))-1),4) -> 0.26 | D14: 0.2143 | E14: 0.2717 | F14: 0.3362

Sheet 5. Depreciação
A1: 5. Depreciação Referencial TCE/RS (%)
A2: Idade do veículo (ano) | B2: Depreciação Média
A3: 1 | B3: 33.63
A4: 2 | B4: 43.13
A5: 3 | B5: 48.68
A6: 4 | B6: 52.62
A7: 5 | B7: 55.68
A8: 6 | B8: 58.18
A9: 7 | B9: 60.29
A10: 8 | B10: 62.12
A11: 9 | B11: 63.73
A12: 10 | B12: 65.18
A13: 11 | B13: 66.48
A14: 12 | B14: 67.67
... A17: 15 | B17: 70.73

Sheet 6.Remuneração de capital
A1: 6. Remuneração de Capital
A3: Fórmula de cálculo da remuneração de capital:
A12: Jm = remuneração de capital mensal
A13: i = taxa de juros do mercado (sugere-se adotar a taxa SELIC)
A14: Im = investimento médio
A15: V0 = valor inicial do bem
A16: Vr = valor residual do bem
A17: n = vida útil do bem em anos
